Map: Terrasses de Prion

Players

zidar

  • Race: Zerg Zerg
  • League: Silver
  • Spawn Location: 11:00

Enluren - Winner!

  • Race: Terran Terran
  • Spawn Location: 5:00

VOD

Have the link to the VOD?

Description

Time

  • Played on: Jan. 14, 2016, 1:22 p.m.
  • Length: 20:13
Show
View Real Time Build Order
Export as new Build Order

zidar Zerg 

Build Orders: Pool First 

Get SALT Encoding   

  12  0:02  Drone  
  13  0:12  Overlord  
  13  0:17  Drone  
  14  0:30  Drone  
  14  0:31  Drone  
  14  0:34  Drone  
  17  0:46  Spawning Pool  
  17  0:49  Drone  
  17  1:12  Hatchery  
  16  1:25  Drone  
  17  1:30  Extractor  
  16  1:36  Roach Warren  
  14  1:40  Queen  
  14  1:44  Drone  
  17  1:47  Drone  
  17  1:51  Drone  
  19  2:11  Extractor  
  19  2:14  Drone  
  19  2:15  Drone  
  19  2:16  Queen  
  22  2:37  Roach x2  
  26  2:45  Roach  
  28  2:51  Overlord  
  28  2:56  Metabolic Boost  
  28  3:10  Ravager  
  29  3:16  Roach  
  29  3:17  Roach  
  33  3:21  Drone  
  33  3:26  Drone x2  
  36  3:40  Overlord  
  36  3:59  Drone x6  
  42  4:04  Ravager  
  42  4:09  Ravager  
  44  4:31  Lair  
  31  5:43  Roach  
  31  5:44  Roach  
  31  5:46  Overlord  
  31  5:47  Overlord  
  35  5:52  Spore Crawler  
  34  6:02  Spore Crawler  
  33  6:13  Roach  
  33  6:14  Roach x8  
  33  6:17  Overlord  
  33  6:18  Overlord x2  
  51  6:21  Pneumatized Carapace  
  51  6:32  Evolution Chamber  
  50  6:34  Evolution Chamber  
  49  6:41  Roach x7  
  49  6:42  Roach x2  
  49  6:46  Ravager x2  
  49  6:47  Ravager  
  70  6:50  Hatchery  
  69  6:56  Extractor  
  69  6:59  Extractor  
  67  7:07  Ravager  
  68  7:08  Ravager  
  69  7:32  Zerg Missile Weapons Level 1  
  53  8:20  Roach  
  53  8:21  Roach x12  
  71  8:53  Roach x5  
  81  9:08  Overlord  
  24  10:20  Zerg Ground Armor Level 1  
  24  10:29  Queen  
  24  10:34  Roach  
  24  10:35  Roach x8  
  44  10:39  Roach  
  46  11:05  Zerg Missile Weapons Level 2  
  46  11:15  Drone x2  
  48  11:35  Roach x2  
  48  11:36  Roach x2  
  56  11:51  Drone x4  
  60  12:03  Drone x4  
  64  12:14  Roach  
  64  12:15  Roach  
  68  12:20  Drone x2  
  68  12:22  Ravager  
  71  12:23  Ravager x2  
  71  12:27  Ravager  
  71  12:28  Ravager x3  
  77  12:31  Ravager  
  74  12:45  Roach  
  76  12:52  Overlord x3  
  76  13:16  Roach  
  76  13:17  Roach x4  
  86  13:26  Zerg Ground Armor Level 2  
  86  13:36  Infestation Pit  
  85  13:57  Hatchery  
  84  14:03  Glial Reconstitution  
  84  14:09  Zerg Melee Weapons Level 1  
  84  14:15  Spire  
  84  14:16  Drone x2  
  85  14:34  Overlord x2  
  85  14:35  Overlord  
  85  14:41  Drone  
  85  14:42  Drone  
  87  14:56  Roach x3  
  90  15:51  Roach x3  
  90  15:52  Roach x10  
  116  16:05  Burrow  
  57  16:41  Roach  
  57  16:42  Roach x14  
  43  17:39  Roach x10  
  63  17:48  Overseer  
  36  18:27  Roach x10  
  36  18:28  Roach x2  
  45  19:03  Hatchery  
  44  19:12  Roach  
  44  19:13  Roach x3  
  44  19:16  Hatchery  
  44  19:17  Roach  
  54  19:45  Ravager  
  54  19:46  Ravager x3  
  54  19:49  Roach  
  54  19:50  Roach  
Show
View Real Time Build Order
Export as new Build Order

Enluren Terran - Winner!

Build Orders:  

Get SALT Encoding   

  12  0:01  SCV  
  13  0:13  SCV  
  14  0:25  SCV, Supply Depot  
  15  0:36  Refinery  
  15  0:46  SCV  
  16  0:53  Barracks  
  16  0:58  SCV  
  16  1:03  Barracks  
  17  1:30  SCV  
  18  1:40  Supply Depot  
  18  1:42  SCV  
  19  2:00  Marine  
  20  2:04  SCV  
  20  2:06  Command Center  
  21  2:12  Marine  
  22  2:16  SCV  
  22  2:18  Barracks Tech Lab  
  23  2:29  Marine  
  23  2:34  Factory  
  24  2:38  Orbital Command  
  24  2:47  Marine  
  25  2:55  Barracks Reactor  
  25  2:58  Engineering Bay  
  25  3:04  SCV  
  25  3:05  Marine  
  27  3:22  Marine, Starport  
  27  3:25  Supply Depot  
  28  3:29  Stimpack  
  28  3:35  Marine  
  28  3:40  Marine  
  30  3:47  Marine  
  31  3:49  SCV  
  31  3:51  Factory Reactor  
  31  3:53  Marine  
  33  3:58  Marine  
  33  4:01  SCV  
  35  4:07  Bunker  
  35  4:13  Refinery, SCV x2  
  37  4:19  Marine x2  
  37  4:22  Barracks  
  39  4:27  Marine  
  40  4:37  Marine  
  41  4:39  Factory Tech Lab, Medivac  
  41  4:44  Marine x2  
  45  4:54  Marine  
  45  4:57  SCV  
  45  5:09  SCV  
  45  5:11  Barracks  
  36  5:21  SCV  
  35  5:30  Marine x4  
  35  5:34  SCV  
  39  5:43  Refinery  
  39  5:46  SCV  
  39  5:48  Marine x4  
  44  5:51  Barracks  
  44  5:52  Terran Infantry Weapons Level 1  
  44  5:54  Medivac x2  
  48  5:59  SCV  
  48  6:00  Barracks Reactor  
  49  6:05  Marine  
  49  6:06  Marine x2, Barracks Reactor  
  52  6:15  SCV  
  53  6:18  Refinery  
  53  6:23  Marine  
  54  6:31  Supply Depot  
  54  6:41  Barracks Reactor  
  54  6:52  Marine, SCV, Medivac x2  
  54  6:53  Supply Depot  
  60  7:00  Marine x2  
  62  7:15  Marine x5, SCV  
  68  7:16  Supply Depot  
  68  7:18  Marine x2  
  70  7:37  SCV  
  70  7:38  Supply Depot  
  73  7:45  Marine x4  
  73  7:46  Marine, Terran Infantry Armor Level 1  
  73  7:49  Widow Mine  
  78  7:59  Marine x2, SCV  
  70  8:11  SCV  
  70  8:18  Widow Mine  
  69  8:23  SCV  
  69  8:25  Marine x3  
  69  8:26  Marine x6  
  80  8:46  Widow Mine  
  80  8:55  Marine x4  
  81  8:56  Marine x2  
  86  9:13  Supply Depot  
  86  9:25  Marine  
  86  9:26  Marine  
  86  9:27  Marine x3  
  86  9:28  Marine x3, Medivac x2  
  86  9:29  Marine  
  77  9:36  Supply Depot  
  71  9:42  Marine  
  70  9:46  Marine  
  62  10:00  Supply Depot  
  60  10:19  Marine x4  
  60  10:20  Marine x5  
  69  10:24  Command Center, Supply Depot  
  69  10:37  Marine x5  
  74  10:44  Marine x4  
  74  10:47  Supply Depot  
  80  10:55  Marine, Medivac x2  
  80  10:56  Widow Mine  
  85  11:03  Armory  
  85  11:09  Supply Depot  
  85  11:11  Marine  
  85  11:12  Marine, Engineering Bay  
  89  11:25  Widow Mine, Medivac  
  89  11:28  Marine  
  89  11:29  Marine x6  
  98  11:32  Supply Depot  
  100  11:52  Marine x5  
  100  11:53  Marine x4  
  100  11:54  Widow Mine  
  109  11:55  Supply Depot  
  109  12:02  Terran Infantry Weapons Level 2  
  109  12:10  Marine x2  
  113  12:22  Widow Mine  
  113  12:37  Marine x3  
  113  12:38  Marine x6  
  124  12:51  Widow Mine  
  124  12:55  Marine x4  
  124  12:56  Marine  
  129  13:09  Terran Infantry Armor Level 2  
  129  13:27  Orbital Command  
  129  13:30  Marine x6  
  129  13:31  Marine x3  
  129  13:32  Command Center  
  138  13:47  Marine  
  138  13:48  Marine x5  
  144  14:06  Refinery  
  144  14:08  Refinery  
  144  14:32  Command Center  
  132  15:47  Marine x6  
  132  15:48  Marine x3  
  141  15:54  Terran Infantry Weapons Level 3  
  141  15:58  Terran Infantry Armor Level 3  
  141  16:05  Marine x7  
  141  16:06  Marine x2  
  149  16:22  Marine  
  92  16:43  Marine x6  
  92  16:44  Marine x3  
  101  17:01  Marine x7  
  103  17:02  Marine x2  
  108  17:18  Marine x2  
  108  17:19  Marine x7  
  88  17:36  Marine x3  
  88  17:37  Marine x2  
  92  17:52  Widow Mine  
  78  18:19  Marine  
  74  18:20  Marine x7  
  74  18:21  Marine, Widow Mine  
  72  18:37  Marine x3  
  72  18:38  Marine x6  
  83  18:49  Widow Mine  
  83  18:55  Marine x4  
  80  18:56  Marine x5  
  88  19:04  SCV  
  88  19:06  Orbital Command  
  89  19:13  Marine x5  
  89  19:14  Marine x4  
  89  19:16  SCV  
  101  19:18  Widow Mine  
  101  19:28  SCV  
  101  19:31  Marine x4  
  106  19:40  SCV  
  106  19:42  Marine x5  
  114  19:46  Widow Mine  
  114  19:48  Marine  
  114  19:49  Marine x3, Refinery  
  114  19:52  Refinery  
  118  20:02  Barracks  
  118  20:03  Barracks  
Tags
 
League
Silver
Matchup
TvZ
Opening
Pool First
Spawn Locations
Cross Positions
Add a new tag
Caveats
  • Supply blocks, unpowered buildings, or Contaminate may cause inaccurate times.
  • Supply counts are checked every 10 seconds.